 Dungeon Crawl Stone Soup version 0.19-a0-1882-gbb73ea0 (console) character file.

27 brucemayne the Chopper (level 3, -1/31 HPs)
             Began as a Hill Orc Monk on Oct 14, 2016.
             Slain by Natasha (3 damage)
             ... on level 3 of the Dungeon.
             The game lasted 00:02:14 (427 turns).

brucemayne the Chopper (Hill Orc Monk)               Turns: 427, Time: 00:02:15

Health: -1/31      AC:  6    Str: 16    XL:     3   Next: 10%
Magic:  3/3        EV: 11    Int: 10    God:
Gold:   21         SH:  0    Dex: 13    Spells: 0 memorised, 2 levels left

rFire  . . .     SeeInvis .     i - +0 blowgun
rCold  . . .     Gourm    .     f - +0 scale mail
rNeg   . . .     Faith    .     (no shield)
rPois  .         Spirit   .     (no helmet)
rElec  .         Dismiss  .     (no cloak)
rCorr  .         Reflect  .     (no gloves)
MR     .....     Harm     .     (no boots)
Stlth  ..........               (no amulet)
                                (no ring)
                                (no ring)

@: flying
A: strong 1, wild magic 1, sturdy frame 1
a: no special abilities


You were on level 3 of the Dungeon.
You were not hungry.

You visited 1 branch of the dungeon, and saw 4 of its levels.

You collected 21 gold pieces.

Inventory:

Hand Weapons
 a - a +0 hand axe
 i - a +0 blowgun (weapon)
 n - a +2 mace of crushing
Missiles
 g - a throwing net
 j - 7 poisoned needles (quivered)
 o - 2 tomahawks
Armour
 b - a +0 robe
 f - a +0 scale mail (worn)
Jewellery
 e - a +3 amulet of reflection {unknown}
Scrolls
 l - a scroll of teleportation {unknown}
Potions
 h - a potion of flight
Comestibles
 c - a bread ration
 k - 2 chunks of flesh


   Skills:
 - Level 3.6 Fighting
 + Level 5.5 Axes
 - Level 2.4 Dodging
 - Level 1.5 Stealth


You had 2 spell levels left.
You didn't know any spells.

Dungeon Overview and Level Annotations

Branches:
Dungeon (4/15)             Temple (0/1) D:4

Altars:

Annotations:
D:3 exclusion: downstairs, Natasha, Sigmund, Terence


Innate Abilities, Weirdness & Mutations

Your muscles are strong. (Str +2)
Your spells are a little harder to cast, but a little more powerful.
Your movements are slightly less encumbered by armour. (ER -2)


Message History

Aim: Natasha (lightly wounded, poisoned)
You shoot a poisoned needle. The poisoned needle hits Natasha.
Natasha looks even sicker.
Natasha is lightly wounded.
Natasha claws you.
* * * LOW HITPOINT WARNING * * *
Firing (i - inventory. (,) - cycle):
j - 9 poisoned needles (quivered)
Press: ? - help, Shift-Dir - straight line, f/p - Natasha
Aim: Natasha (lightly wounded, poisoned)
You shoot a poisoned needle. The poisoned needle hits Natasha.
Natasha looks even sicker.
Natasha is lightly wounded.
Natasha claws you but does no damage.
Firing (i - inventory. (,) - cycle):
j - 8 poisoned needles (quivered)
Press: ? - help, Shift-Dir - straight line, f/p - Natasha
Aim: Natasha (lightly wounded, poisoned)
You shoot a poisoned needle.
The poisoned needle closely misses Natasha.
The poisoned needle hits Terence.
Terence is poisoned.
Natasha claws you.
You die...

#.......... #..........
#.......... . #..........
.. #.......... ...
#.......... ....
#.......... ....@
#..####'############......
#....†......@h@†..((.....
#..###.############....g.
# #... ..... #.### ####
#.# #.# #.# #.#


You could see Terence and Natasha.

Vanquished Creatures
  A dart slug (D:1)
  A leopard gecko (D:2)
  A ball python (D:3)
  A bat (D:1)
  2 giant cockroaches
  4 hobgoblins (D:1)
  5 kobolds
  A frilled lizard (D:3)
  3 goblins
  2 rats
21 creatures vanquished.

Notes
Turn   | Place    | Note
-------+----------+-------------------------------------------
     0 | D:1      | brucemayne the Hill Orc Monk began the quest for the Orb.
     0 | D:1      | Reached XP level 1. HP: 19/19 MP: 1/1
    81 | D:2      | Reached XP level 2. HP: 25/26 MP: 2/2
   150 | D:1      | Reached skill level 5 in Axes
   278 | D:4      | Found a staircase to the Ecumenical Temple.
   357 | D:3      | Reached XP level 3. HP: 9/31 MP: 3/3
   408 | D:3      | Noticed Natasha
   408 | D:3      | Noticed Terence
   409 | D:3      | Noticed Sigmund
   424 | D:3      | Gained mutation: Your muscles are strong. (Str +2) [potion of mutation]
   424 | D:3      | Gained mutation: Your spells are a little harder to cast, but a little more powerful. [potion of mutation]
   424 | D:3      | Gained mutation: Your movements are slightly less encumbered by armour. (ER -2) [potion of mutation]
   427 | D:3      | Slain by Natasha

Vault maps used:
D:1:      sevenhm_arrival_forest_fort_small_6, feat_on_display
D:3:      uniq_iyjb, uniq_sigmund, uniq_natasha, uniq_terence
D:4:      serial_forest, infiniplex_forest_straight_1,
          infiniplex_forest_corner_1, infiniplex_forest_clump_double,
          infiniplex_forest_lined_4_way, infiniplex_forest_clump_diagonal,
          infiniplex_forest_lined_room_2, infiniplex_forest_straight_4,
          grunt_dithmenos_smoke_and_mirrors, uniq_pikel

Skill      XL: |  1  2 |
---------------+-------+-----
Axes           | 5 |  5.5
Fighting       | |  3.6
Dodging        | |  2.4
Stealth        | |  1.5

Action                   || total
-------------------------++-------
Melee: Hand axe          ||    67
 Fire: Blowgun           ||     8
  Use: Potion            ||     4
Armor: Robe              ||     2
       Scale mail        ||    22
Dodge: Dodged            ||    50
